 Dungeon Crawl Stone Soup version 0.15-a0-1506-g1b030bc (webtiles) character file.

1277 Qrupt the Shield-Bearer (level 8, -6/59 HPs)
             Began as a Grey Draconian Transmuter on June 14, 2014.
             Was a Follower of Nemelex Xobeh.
             Killed from afar by Ijyb (15 damage)
             ... with a wand of fire
             ... on Level 6 of the Dungeon.
             The game lasted 00:20:54 (6363 turns).

Qrupt the Shield-Bearer (Grey Draconian Transmuter) Turns: 6363, Time: 00:20:54

HP  -6/59        AC 11     Str 12      XL: 8   Next: 29%
MP  10/14        EV 12     Int 14      God: Nemelex Xobeh [*.....]
Gold 163         SH  6     Dex 14      Spells:  2 memorised,  8 levels left

rFire  . . .     SeeInvis .       - Unarmed
rCold  . . .     Clarity  .     (armour unavailable)
rNeg   . . .     rCorr    .     t - +0 buckler {reflect}
rPois  .         rRot     .     (helmet restricted)
rElec  .         Spirit   .     (no cloak)
SustAb .         Warding  .     (no gloves)
rMut   .         Stasis   .     (no boots)
Gourm  .                        (no amulet)
MR     .....                    (no ring)
                                (no ring)

@: appendage (expiring), very slightly contaminated, not resistant to hostile
enchantments, very unstealthy
A: walk through water, unfitting armour, horns 2, unbreathing, cold-blooded, AC
+11
a: End Transformation, Draw One, Renounce Religion


You were on level 6 of the Dungeon.
You worshipped Nemelex Xobeh.
Nemelex Xobeh was aware of your devotion.
You were not hungry.
You had grown temporary horns.
You visited 2 branches of the dungeon, and saw 7 of its levels.

You collected 275 gold pieces.
You spent 112 gold pieces at shops.

Inventory:

Missiles
 b - 12 arrows
Armour
 t - a +0 buckler of reflection (worn)
Magical devices
 w - a wand of magic darts (12)
Comestibles
 a - 3 bread rations
 j - 2 meat rations
 z - 2 royal jellies
Scrolls
 c - a scroll of recharging {unknown}
 h - 3 scrolls of enchant weapon I {unknown}
 k - 3 scrolls of remove curse {unknown}
 l - a scroll of fear {unknown}
 m - a scroll of noise {unknown}
 n - a scroll of enchant weapon II {unknown}
 o - a scroll of random uselessness {unknown}
 q - 3 scrolls of identify {unknown}
 r - a scroll of teleportation {unknown}
 x - a scroll of enchant armour {unknown}
Potions
 e - a potion of degeneration {unknown}
 f - 2 potions of curing
 g - a potion of restore abilities {unknown}
 i - a potion of heal wounds {unknown}
 p - 2 potions of confusion {unknown}
 v - a potion of poison {unknown}
 A - 2 potions of agility {unknown}
Books
 d - a book of Changes

   Spells                             Type                      Level
   *Beastly Appendage                 Transmutation                1
   Sticks to Snakes                   Transmutation                2
   *Spider Form                       Transmutation/Poison         3
   Ice Form                           Ice/Transmutation            4
   Blade Hands                        Transmutation                5
Miscellaneous
 s - a plain deck of war {drawn: 1}
 u - a plain deck of war
 y - an ornate deck of war {drawn: 1}


   Skills:
 - Level 1.1 Fighting
 - Level 1.7 Dodging
 + Level 7.2 Shields
 - Level 5.3 Unarmed Combat
 - Level 2.7 Spellcasting
 - Level 4.3 Transmutations
 - Level 2.2 Poison Magic


You had 8 spell levels left.
You knew the following spells:

 Your Spells              Type           Power        Failure   Level  Hunger
a - Beastly Appendage     Trmt           ##....       3%          1    #......
b - Spider Form           Trmt/Pois      ##........   21%         3    ####...


Dungeon Overview and Level Annotations

Branches:
Dungeon (6/15)             Temple (1/1) D:5

Altars:
Ashenzari
Cheibriados
Dithmenos
Fedhas
Gozag
Kikubaaqudgha
Makhleb
Nemelex Xobeh
Okawaru
Qazlal
Sif Muna
Trog
Vehumet
Xom
Yredelemnul

Shops:
D:4 :([

Annotations:
D:4 Grinder
D:6 Ijyb


Innate Abilities, Weirdness & Mutations

You can walk through water.
Your dull iron-grey scales are very hard (AC +11).*
Your body does not fit into most forms of armour.
You can survive without breathing.*
Your cold-blooded metabolism reacts poorly to cold.*
You have a pair of horns on your head.*


Message History

Ijyb hits you but does no damage.
You closely miss Ijyb.
Ijyb is lightly wounded.
Ijyb zaps a wand.
The bolt of fire hits you!
Ouch! That really hurt!
* * * LOW HITPOINT WARNING * * *
You are too injured to fight recklessly!
Drink which item? (? for menu, Esc to quit)
You feel better. Ijyb hits you but does no damage.
Casting: Beastly Appendage
Confirm with . or Enter, or press ? or * to list all spells.
You miscast Spider Form.
You feel a strange surge of energy!
Ijyb zaps a wand.
The bolt of fire hits you!
* * * LOW HITPOINT WARNING * * *
Drink which item? (? for menu, Esc to quit)
You feel better.
Your transformation is almost over.
Ijyb zaps a wand.
The bolt of fire hits you!
You die...
Your body disappears without a glow.

#.....####....#
#.............#
###...........#
###...........#########
.%..)..................
###........#.##########
# #........#.....# #
#...........##.########
#
#...........##@#........
#
#........<.....g........
#..........###.#........
##.#...##..# #.#.......
#.# . ##.. ..#.......
### #####.#....... ..#
#.######. ..# #.# ..#
#..


You could see Ijyb.

Vanquished Creatures
  Prince Ribbit (D:4)
  Edmund (D:6)
  An ogre (D:5)
  2 centaurs
  2 scorpions
  A crimson imp (D:3)
  2 goliath beetles
  A jelly (D:5)
  2 hounds (D:5)
  2 orc priests (D:4)
  A basilisk skeleton (D:5)
  3 orc wizards
  A hound zombie (D:5)
  9 adders
  A shadow imp (D:5)
  5 giant mites (D:5)
  2 inept feature mimics
  3 worms
  2 adder skeletons
  12 giant geckos
  8 orcs
  A ball python (D:2)
  15 bats
  4 giant cockroaches
  7 goblins
  10 hobgoblins
  9 jackals
  4 giant newts
  A hobgoblin zombie (D:3)
  7 kobolds
  14 rats
  A spectral orc (D:5)
135 creatures vanquished.

Vanquished Creatures (others)
  An orc (D:6)
1 creature vanquished.

Grand Total: 136 creatures vanquished

Notes
Turn   | Place    | Note
--------------------------------------------------------------
     0 | D:1      | Qrupt, the Draconian Transmuter, began the quest for the Orb.
     0 | D:1      | Reached XP level 1. HP: 16/16 MP: 3/3
    91 | D:1      | Reached XP level 2. HP: 23/23 MP: 2/4
   852 | D:2      | Reached XP level 3. HP: 26/28 MP: 4/6
   857 | D:2      | Learned a level 3 spell: Spider Form
  1407 | D:2      | Reached XP level 4. HP: 25/35 MP: 6/8
  1976 | D:3      | Reached skill level 4 in Unarmed Combat
  1976 | D:3      | Reached skill level 1 in Poison Magic
  2010 | D:3      | Reached XP level 5. HP: 24/40 MP: 9/9
  2155 | D:3      | Found a sparkling altar of Nemelex Xobeh.
  3096 | D:3      | Became a worshipper of Nemelex Xobeh the Trickster
  3136 | D:4      | Found Wuent's Book Shoppe.
  3208 | D:4      | Received a gift from Nemelex Xobeh
  3309 | D:4      | Found Setuiwob's Weapon Shoppe.
  3335 | D:4      | Reached XP level 6. HP: 11/47 MP: 11/11
  3477 | D:4      | Found Ongeshru's Antique Armour Boutique.
  3551 | D:4      | Reached skill level 5 in Unarmed Combat
  3806 | D:4      | Bought a shiny buckler for 112 gold pieces
  4044 | D:4      | Noticed Prince Ribbit
  4064 | D:4      | Killed Prince Ribbit
  4064 | D:4      | Your scales start taking on a dull iron-grey colour.
  4064 | D:4      | Gained mutation: You can survive without breathing. [draconian maturity]
  4064 | D:4      | Reached XP level 7. HP: 47/52 MP: 7/13
  4116 | D:4      | Noticed Grinder
  4121 | D:4      | Paralysed by Grinder for 4 turns
  4131 | D:4      | Paralysed by Grinder for 5 turns
  4145 | D:5      | Entered Level 5 of the Dungeon
  4493 | D:5      | Found a staircase to the Ecumenical Temple.
  4533 | Temple   | Entered the Ecumenical Temple
  4581 | Temple   | Received a gift from Nemelex Xobeh
  4592 | Temple   | Acquired Nemelex Xobeh's first power
  4710 | D:5      | Found a radiant altar of Vehumet.
  4787 | D:5      | Reached skill level 5 in Shields
  5254 | D:5      | Reached skill level 6 in Shields
  5254 | D:5      | Reached XP level 8. HP: 13/59 MP: 10/14
  5586 | D:5      | Found a basalt altar of Yredelemnul.
  6151 | D:6      | Received a gift from Nemelex Xobeh
  6171 | D:6      | Noticed Edmund
  6322 | D:6      | Killed Edmund
  6322 | D:6      | Reached skill level 7 in Shields
  6346 | D:6      | Noticed Ijyb
  6363 | D:6      | Killed from afar by Ijyb

Action                   |  1- 3 |  4- 6 |  7- 9 || total
-------------------------+-------+-------+-------++-------
Melee: Unarmed           |   116 |   201 |   231 ||   548
 Cast: Beastly Appendage |    23 |    17 |    12 ||    52
       Spider Form       |       |     4 |     5 ||     9
Invok: Draw One          |       |       |     2 ||     2
  Use: Potion            |       |     1 |     2 ||     3
 Stab: Sleeping          |     1 |       |       ||     1
